Map: Yellowjacket

Players

Velentha

  • Race: Zerg Zerg
  • League: Silver
  • Spawn Location: 1:00

David

  • Race: Terran Terran
  • Spawn Location: 3:00

Ceonotido - Winner!

  • Race: Protoss Protoss
  • League: Silver
  • Spawn Location: 7:00

Chespitop - Winner!

  • Race: Terran Terran
  • Spawn Location: 9:00

VOD

Have the link to the VOD?

Description

Time

  • Played on: April 11, 2025, 10:17 a.m.
  • Length: 18:03
Show
View Real Time Build Order
Export as new Build Order

Velentha Zerg 

Build Orders: Pool First 

Get SALT Encoding   

  12  0:09  Drone x2  
  14  0:31  Spawning Pool  
  14  0:34  Extractor  
  12  0:38  Overlord, Extractor  
  11  0:48  Overlord  
  11  0:54  Drone  
  12  0:57  Drone  
  13  1:09  Drone  
  14  1:15  Drone  
  15  1:33  Zergling x2  
  15  1:37  Zergling x2  
  17  1:45  Drone  
  18  2:00  Drone  
  19  2:05  Hatchery  
  18  2:14  Drone  
  19  2:28  Zergling x4  
  21  2:37  Queen  
  21  2:39  Hatchery  
  22  2:55  Drone x2  
  24  3:10  Drone x2  
  26  3:19  Overlord  
  23  3:45  Zergling x6  
  25  3:50  Zergling x6  
  25  3:54  Drone  
  29  4:15  Evolution Chamber  
  28  4:24  Roach Warren  
  27  4:34  Spine Crawler, Drone x3  
  23  4:57  Zergling x4  
  25  5:05  Spine Crawler  
  24  5:09  Drone  
  24  5:20  Drone  
  25  5:35  Spine Crawler  
  24  5:36  Roach  
  26  5:53  Roach x2  
  26  6:23  Roach x2  
  26  6:24  Roach  
  32  6:51  Drone  
  32  6:52  Drone  
  34  7:05  Drone  
  35  7:10  Hatchery  
  35  7:14  Drone  
  35  7:18  Metabolic Boost  
  35  7:21  Zerg Melee Weapons Level 1  
  35  7:26  Drone  
  36  7:47  Drone  
  36  7:48  Drone  
  38  8:20  Drone, Extractor  
  38  8:23  Overlord x2  
  38  8:25  Extractor  
  37  8:28  Overlord  
  37  8:43  Drone  
  38  8:51  Spine Crawler  
  37  8:59  Spine Crawler  
  37  9:02  Drone x2  
  38  9:04  Spine Crawler  
  38  9:06  Drone x3  
  40  9:20  Drone x2  
  42  9:24  Zerg Missile Weapons Level 1  
  42  9:30  Hatchery  
  41  9:37  Lair  
  41  9:41  Drone  
  41  9:42  Drone x2  
  44  9:46  Drone x2  
  46  9:56  Spore Crawler  
  46  9:59  Spore Crawler  
  44  10:04  Queen  
  46  10:08  Roach x2  
  46  10:13  Roach x2  
  54  10:20  Drone x2  
  56  10:25  Drone  
  57  10:36  Drone  
  57  10:41  Drone  
  59  10:58  Hydralisk Den  
  58  11:09  Drone x3, Spire  
  60  11:14  Drone x2  
  60  11:15  Drone  
  63  11:18  Zerg Ground Armor Level 1  
  63  11:23  Roach x3  
  69  11:29  Hydralisk  
  71  11:33  Hydralisk  
  73  11:42  Overlord  
  73  11:55  Overlord x2  
  73  12:01  Overlord x3  
  73  12:07  Overlord x3  
  73  12:27  Glial Reconstitution  
  73  12:35  Mutalisk x3  
  79  12:40  Mutalisk x3  
  85  12:44  Drone  
  85  12:45  Drone x2  
  88  13:01  Drone x2, Extractor  
  89  13:07  Extractor, Mutalisk x2  
  89  13:11  Mutalisk  
  89  13:12  Zerg Melee Weapons Level 2  
  94  13:18  Mutalisk x3  
  100  13:37  Zerg Flyer Weapons Level 1  
  100  13:40  Mutalisk  
  100  13:41  Mutalisk x2  
  102  13:47  Mutalisk x3  
  112  13:53  Drone x3  
  115  14:08  Mutalisk  
  115  14:09  Mutalisk  
  119  14:14  Overlord x2  
  119  14:20  Overlord x2  
  119  14:38  Mutalisk x3  
  119  14:44  Mutalisk x3  
  131  14:50  Mutalisk x3  
  137  15:06  Mutalisk  
  139  15:27  Hatchery  
  138  15:31  Zerg Flyer Armor Level 1  
  94  15:56  Mutalisk x3  
  68  16:00  Mutalisk x3  
Show
View Real Time Build Order
Export as new Build Order

David Terran 

Build Orders:  

Get SALT Encoding   

  12  0:01  SCV  
  13  0:13  SCV  
  14  0:19  Supply Depot  
  14  0:28  Refinery  
  14  0:43  Barracks  
  14  0:44  SCV  
  15  0:56  SCV  
  16  1:11  SCV  
  17  1:30  Orbital Command  
  17  1:37  Barracks Reactor  
  17  1:40  Supply Depot  
  17  1:54  Command Center  
  17  2:04  Barracks Reactor  
  17  2:08  Engineering Bay  
  17  2:19  SCV  
  18  2:31  SCV  
  18  2:37  Terran Infantry Weapons Level 1  
  19  2:43  SCV  
  20  2:45  Barracks  
  20  2:50  Marine x2  
  22  2:55  SCV  
  23  3:21  SCV  
  23  3:23  SCV  
  25  3:31  Supply Depot  
  25  3:33  SCV, Barracks  
  25  3:34  Barracks Tech Lab  
  26  3:35  SCV  
  27  3:45  SCV  
  27  3:47  SCV  
  29  3:54  Combat Shield  
  29  3:57  SCV  
  29  3:59  SCV  
  31  4:09  SCV  
  32  4:11  Refinery  
  32  4:25  SCV  
  33  4:32  SCV  
  33  4:34  Barracks Tech Lab  
  33  4:37  SCV  
  35  4:40  Marine x3  
  35  4:44  SCV, Refinery  
  39  4:49  SCV  
  40  4:58  Marine x3  
  43  5:01  SCV  
  43  5:03  Stimpack  
  43  5:05  Marine  
  45  5:07  Refinery  
  45  5:13  SCV  
  46  5:15  Marine  
  46  5:16  Marine x2  
  49  5:23  Marine  
  50  5:33  Marine  
  50  5:34  Marine x2  
  53  5:39  Supply Depot  
  53  5:40  Marine  
  54  5:46  Supply Depot  
  54  5:57  Marine  
  54  5:58  Marine  
  54  5:59  Marine  
  54  6:00  Marine  
  41  6:17  Marine  
  41  6:18  Marine  
  37  6:20  Marine  
  37  6:21  Marine  
  35  6:35  Marine  
  35  6:36  Marine  
  35  6:38  Marine  
  35  6:39  Marine  
  39  6:53  Marine  
  39  6:54  SCV, Marine  
  41  6:56  Marine  
  41  6:57  Marine  
  44  7:06  SCV, Barracks  
  45  7:11  Marine x2  
  45  7:14  Marine x2  
  49  7:18  SCV  
  50  7:28  Marine  
  50  7:29  Marine  
  52  7:30  SCV  
  53  7:42  SCV  
  54  7:55  Barracks  
  54  8:00  Barracks Reactor  
  54  8:10  Supply Depot  
  54  8:13  Orbital Command  
  54  8:15  SCV  
  55  8:27  SCV  
  55  8:29  Terran Infantry Armor Level 1  
  55  8:33  Supply Depot  
  56  8:38  Marine x6  
  56  8:40  SCV  
  63  8:45  SCV  
  64  8:52  SCV, Barracks Reactor  
  65  8:55  Supply Depot, Marine  
  65  8:56  Marine x5, Factory  
  65  8:57  SCV  
  72  9:04  SCV  
  72  9:09  SCV  
  74  9:13  Marine  
  74  9:14  Marine x5  
  80  9:17  SCV  
  80  9:18  Supply Depot  
  80  9:21  SCV  
  82  9:29  SCV  
  83  9:31  Marine  
  83  9:32  Marine x7  
  83  9:34  SCV  
  92  9:41  Supply Depot, SCV  
  93  9:49  Marine x5  
  93  9:50  Marine x3  
  101  9:53  Factory Tech Lab  
  101  9:54  Starport  
  101  10:03  Missile Turret  
  101  10:07  Marine x7  
  101  10:08  Marine  
  109  10:21  Missile Turret  
  109  10:25  Marine  
  110  10:39  Supply Depot  
  110  10:41  Missile Turret  
  110  11:00  SCV x2, Marine x3, Siege Tank  
  110  11:01  Missile Turret  
  110  11:02  Supply Depot  
  118  11:23  Marine x6, Medivac  
  118  11:24  Supply Depot  
  126  11:35  Missile Turret  
  126  11:45  Command Center  
  126  11:46  Supply Depot, SCV x2, Siege Tank  
  131  11:53  Medivac  
  133  11:56  Missile Turret  
  133  11:58  SCV  
  134  12:08  SCV  
  135  12:09  Supply Depot  
  135  12:18  Siege Tank  
  138  12:23  Medivac  
  140  12:33  Supply Depot  
  140  12:40  Marine  
  140  12:41  Marine x7  
  148  12:51  Missile Turret  
  148  12:53  Medivac  
  148  12:55  Siege Tank  
  148  12:57  Supply Depot  
  153  12:58  Marine  
  153  12:59  Marine x7  
  161  13:16  Marine  
  161  13:17  Marine x6  
  168  13:20  Supply Depot  
  171  13:27  Siege Tank  
  171  13:32  Armory  
  171  13:34  Viking  
  173  13:42  Supply Depot  
  173  14:04  Viking  
  175  14:11  Supply Depot  
  175  14:18  Planetary Fortress  
  175  14:33  Supply Depot  
  175  14:34  Viking  
  177  14:38  Terran Infantry Weapons Level 2  
  177  14:43  Thor  
  183  14:57  Supply Depot  
  183  15:04  Viking  
  185  15:22  Supply Depot  
  185  15:26  Thor  
  185  15:27  Refinery  
  189  15:34  Viking  
  179  15:48  Marine  
  179  15:49  Marine x2  
  182  16:06  Marine x2  
  173  16:24  Marine x2  
  163  16:42  Marine x2  
  161  17:18  SCV  
  145  17:39  Barracks  
  145  17:41  SCV  
  145  17:50  Refinery  
Show
View Real Time Build Order
Export as new Build Order

Ceonotido Protoss - Winner!

Build Orders:  

Get SALT Encoding   

  1  0:00  Probe  
  12  0:05  Probe  
  14  0:15  Probe  
  15  0:28  Pylon  
  15  0:29  Assimilator  
  15  0:46  Probe  
  15  0:47  Gateway  
  16  0:57  Probe  
  16  0:58  Gateway  
  17  1:05  Probe  
  17  1:11  Assimilator  
  18  1:13  Probe  
  19  1:23  Pylon  
  19  1:27  Probe  
  20  1:35  Zealot  
  22  1:44  Cybernetics Core  
  22  1:53  Zealot  
  24  2:11  Pylon  
  24  2:14  Zealot  
  26  2:44  Stalker  
  26  2:46  Sentry  
  30  2:54  Stargate  
  30  2:59  Probe  
  31  3:10  Stalker  
  31  3:12  Protoss Air Weapons Level 1  
  33  3:43  Void Ray  
  37  3:49  Probe  
  38  4:07  Nexus  
  38  4:15  Pylon  
  38  4:20  Pylon  
  42  4:38  Void Ray  
  42  5:12  Void Ray  
  42  5:20  Probe, Stargate  
  46  5:27  Probe  
  46  5:28  Probe  
  48  5:30  Protoss Air Armor Level 1  
  49  5:38  Probe  
  46  6:29  Probe  
  46  6:36  Assimilator  
  46  6:37  Void Ray, Probe  
  43  6:41  Probe  
  43  6:42  Assimilator  
  49  6:47  Probe  
  49  6:48  Void Ray  
  49  6:49  Probe  
  51  6:58  Probe  
  51  6:59  Probe  
  53  7:11  Pylon  
  53  7:18  Probe  
  53  7:21  Nexus, Probe  
  58  7:26  Probe  
  58  7:28  Void Ray  
  58  7:29  Probe  
  63  7:31  Void Ray  
  63  7:34  Probe  
  63  7:35  Pylon  
  65  7:38  Pylon, Probe  
  65  7:41  Pylon  
  67  7:45  Probe  
  68  7:52  Probe  
  68  7:57  Probe  
  70  8:04  Probe  
  75  8:09  Probe  
  75  8:11  Void Ray  
  80  8:14  Void Ray  
  80  8:21  Probe  
  81  8:35  Assimilator  
  81  8:37  Assimilator  
  81  8:39  Cybernetics Core  
  81  8:48  Fleet Beacon  
  81  8:56  Forge  
  81  8:59  Pylon  
  81  9:01  Probe  
  81  9:09  Probe  
  91  9:19  Void Ray x2, Probe  
  92  9:30  Protoss Air Armor Level 2  
  92  9:45  Protoss Air Weapons Level 2  
  92  9:47  Probe  
  92  9:49  Tempest x2  
  93  9:54  Stargate  
  93  9:58  Stargate  
  101  10:30  Protoss Shields Level 1  
  101  10:38  Tempest x2  
  101  10:39  Tempest  
  113  10:43  Tempest  
  117  10:51  Probe  
  118  10:59  Probe  
  119  11:07  Nexus  
  119  11:09  Probe  
  119  11:10  Pylon  
  119  11:14  Pylon  
  119  11:17  Tempest  
  119  11:18  Tempest  
  120  11:21  Probe  
  121  11:30  Tempest  
  133  11:33  Probe  
  134  11:46  Tempest  
  138  12:14  Unknown  
  138  12:15  Pylon  
  138  12:18  Mothership, Tempest, Pylon  
  138  12:21  Probe  
  138  12:22  Pylon  
  150  12:29  Assimilator, Probe, Flux Vanes  
  151  12:34  Assimilator  
  152  12:38  Photon Cannon  
  152  12:39  Probe, Photon Cannon  
  152  12:41  Photon Cannon  
  153  12:45  Photon Cannon  
  153  12:47  Photon Cannon  
  153  12:51  Probe  
  154  13:03  Probe  
  155  13:06  Twilight Council  
  155  13:12  Protoss Air Weapons Level 3  
  155  13:15  Tempest  
  159  13:34  Protoss Air Armor Level 3, Probe  
  160  13:42  Probe  
  161  13:53  Probe  
  162  13:58  Tempest  
  166  14:03  Protoss Shields Level 2  
  166  14:20  Probe x2  
  168  14:28  Probe  
  168  14:32  Probe  
  168  14:37  Probe  
  170  14:44  Probe  
  172  14:49  Probe  
  173  14:56  Probe  
  174  15:01  Probe  
Show
View Real Time Build Order
Export as new Build Order

Chespitop Terran - Winner!

Build Orders:  

Get SALT Encoding   

  12  0:06  SCV  
  13  0:21  SCV  
  14  0:33  SCV  
  15  0:37  Supply Depot  
  15  0:58  SCV  
  15  1:00  Supply Depot  
  16  1:10  SCV  
  17  1:22  Barracks  
  17  1:23  SCV  
  18  1:30  Engineering Bay  
  18  1:35  SCV  
  18  1:38  Refinery  
  19  1:55  Refinery  
  19  2:11  Barracks  
  19  2:16  Marine  
  20  2:26  Supply Depot  
  20  2:34  Marine  
  21  2:52  Marine  
  21  2:58  Barracks Tech Lab  
  22  3:22  Marauder  
  24  3:33  Supply Depot  
  24  3:37  Marine  
  25  3:43  Marauder  
  27  3:55  Marine  
  28  4:18  Factory  
  28  4:34  Barracks Reactor  
  28  4:35  Marauder  
  30  4:57  Marauder  
  32  5:20  Factory Tech Lab  
  32  5:26  Starport  
  32  5:30  Supply Depot  
  19  6:22  Marine x2  
  21  6:26  Marine  
  21  6:30  Siege Tank  
  25  6:33  Starport Tech Lab  
  25  6:40  Marine x2  
  25  6:44  Marine  
  28  6:48  Command Center  
  28  6:53  Starport  
  28  6:58  Marine x2  
  30  7:01  Marine  
  30  7:02  Siege Tank  
  34  7:11  Supply Depot  
  34  7:15  Marine  
  34  7:16  Marine  
  34  7:19  Marine  
  34  7:21  Banshee  
  40  7:37  Marine  
  40  7:40  Orbital Command  
  41  7:46  Marine x2  
  43  7:55  Reaper  
  44  7:59  Starport Reactor  
  44  8:04  Marine x2  
  46  8:11  SCV  
  47  8:16  Refinery  
  47  8:22  Marine x2  
  47  8:23  SCV  
  50  8:27  Reaper  
  51  8:35  SCV  
  51  8:39  Marine, Armory  
  51  8:40  Marine  
  54  8:47  SCV, Medivac  
  57  8:59  SCV, Liberator, Reaper  
  62  9:11  SCV  
  62  9:15  Refinery  
  63  9:17  Banshee  
  63  9:23  SCV  
  67  9:36  Fusion Core  
  67  9:37  Terran Infantry Weapons Level 1  
  67  10:22  Thor  
  73  10:32  Orbital Command  
  73  11:19  Supply Depot  
  73  11:31  Terran Infantry Armor Level 1  
  73  11:39  Command Center  
  73  11:56  Marine x2  
  75  12:01  Marine  
  75  12:07  Supply Depot  
  76  12:14  Marine x2  
  78  12:19  Marine  
  79  12:32  Marine x2  
  81  12:37  Marine, Ghost Academy  
  82  12:50  Marine x2  
  84  12:55  Marine  
  85  13:10  Supply Depot  
  85  13:13  Marine  
  86  13:20  Orbital Command  
  86  13:25  Terran Infantry Weapons Level 2  
  86  13:36  Ghost Academy  
  86  13:38  Nuke  
  86  13:40  Ghost  
  89  13:45  Marine x2  
  91  14:02  Marine  
  91  14:03  Marine  
  91  14:08  Nuke, Ghost  
  96  14:17  Battlecruiser  
  96  14:20  Marine x2  
  96  14:21  Personal Cloaking  
  104  14:33  SCV  
  104  14:38  Marine x2  
  105  14:42  Supply Depot  
  105  14:45  SCV  
  108  14:57  SCV  
  109  15:09  SCV  
  110  15:21  SCV  
  110  15:22  Battlecruiser  
  117  15:41  Hi-Sec Auto Tracking  
  114  16:34  Ghost  
  114  16:39  Marine x2  
  118  16:45  Supply Depot  
  119  16:57  Marine x2, Starport  
  121  17:02  Ghost  
  130  17:15  Marine x2  
  132  17:33  Marine  
  133  17:40  Marine  
  131  17:50  Starport Tech Lab  
Tags
 
Add a new tag
Caveats
  • Supply blocks, unpowered buildings, or Contaminate may cause inaccurate times.
  • Supply counts are checked every 10 seconds.